 Dungeon Crawl Stone Soup version 0.27-a0-512-g57cc695410 (webtiles) character file.

Game seed: 16798016373552454964

2 dickylongcocking the Magician (level 1, 6/10 HPs)
             Began as a Deep Elf Hedge Wizard on Mar 4, 2021.
             Quit the game on level 1 of the Dungeon.
             The game lasted 00:00:44 (149 turns).

dickylongcocking the Magician (DEWz)                 Turns: 149, Time: 00:00:45

Health: 6/10       AC:  2    Str:  7    XL:     1   Next: 33%
Magic:  1/8        EV: 13    Int: 18    God:
Gold:   17         SH:  0    Dex: 14    Spells: 8/9 levels left

rFire    . . .     SeeInvis .   a - +0 dagger
rCold    . . .     Faith    .   (no shield)
rNeg     . . .     Spirit   .   b - +0 robe
rPois    .         Reflect  .   c - +0 hat
rElec    .         Harm     .   (no cloak)
rCorr    .         Rampage  .   (no gloves)
Will     .....                  (no boots)
Stlth    ++........             (no amulet)
HPRegen  0.03/turn              (no ring)
MPRegen  0.11/turn              (no ring)

@: no status effects
A: no striking features
a: no special abilities


You were on level 1 of the Dungeon.
You visited 1 branch of the dungeon, and saw 1 of its levels.

You collected 17 gold pieces.

Inventory:

Hand Weapons
 a - a +0 dagger (weapon)
Armour
 b - a +0 robe (worn)
 c - a +0 hat (worn)
Scrolls
 d - a scroll of identify {unknown}


   Skills:
 + Level 2.4 Dodging
 + Level 2.4 Stealth
 + Level 4.6 Spellcasting
 + Level 1.1 Conjurations
 + Level 1.1 Summonings
 + Level 1.1 Translocations


You had 8 spell levels left.
You knew the following spells:

 Your Spells              Type           Power        Failure   Level
a - Magic Dart            Conj           32%          9%          1

Your spell library contained the following spells:

 Spells                   Type           Power        Failure   Level
 Blink                    Tloc           N/A          13%         2
 Call Imp                 Summ           8%           13%         2
 Slow                     Hex            4%           22%         2
 Conjure Flame            Conj/Fire      6%           32%         3
 Mephitic Cloud           Conj/Pois/Air  5%           34%         3


Dungeon Overview and Level Annotations

Branches:
Dungeon (1/15)

Altars:


Message History

Confirm with . or Enter, or press ? or * to list all spells.
Aiming: Magic Dart (safe; 9% risk of failure)
Press: ? - help, Shift-Dir - straight line, f/p - giant cockroach
Aim: a giant cockroach (heavily wounded, 0% to evade)
The magic dart hits the giant cockroach.
The giant cockroach is severely wounded.
The kobold shouts!
The dart slug launches a dart at you. The slug dart hits you.
Casting: Magic Dart (safe; 9% risk of failure)
Confirm with . or Enter, or press ? or * to list all spells.
Aiming: Magic Dart (safe; 9% risk of failure)
Press: ? - help, Shift-Dir - straight line, f/p - giant cockroach
Aim: a giant cockroach (severely wounded, 0% to evade)
The magic dart hits the giant cockroach.
You kill the giant cockroach!
A jackal comes into view.
Unknown command.
The kobold throws a stone.
The stone barely misses you.
A goblin comes into view. It is wielding a +0 club.
The jackal bites you. The jackal closely misses you.
The jackal barely misses you.
The jackal bites you but does no damage.
The jackal misses you.
Casting: Magic Dart (safe; 9% risk of failure)
Confirm with . or Enter, or press ? or * to list all spells.
Aiming: Magic Dart (safe; 9% risk of failure)
Press: ? - help, Shift-Dir - straight line, f - jackal
Aim: a jackal (0% to evade)
The magic dart hits the jackal but does no damage.
Unknown command.
You aren't carrying any potions.
Unknown command.
The jackal misses you. x2
There is an open door here.
The jackal completely misses you.
You aren't carrying any potions.
Unknown command.
Are you sure you want to abandon this character and quit the game? (Confirm with "yes".)

#### #### ### ##..## #≈≈###
#.####....### ####.≈≈≈### g
.##...###...# ##P...≈≈≈≈≈# ..
.....#.###..###..#####≈##≈≈ ##..
##..######...#P.## # ####....
#'## #..####.## ###..gh.h. ##'##
###(.###..## ##..h......
###.###.....###@.# ##...(......
##....#.......#h#.# #...K.?"†...
#.##.....###..h#######..........w
..###...## ##..#....#............
..####..## ##...h#...K...........
#..# #...###...###+##............
#..# ##.......## ##...........
..## ##.....## #......?..=. .##
##..### ##..........


You could see 2 jackals.

Vanquished Creatures
  A giant cockroach (D:1)
  A jackal (D:1)
2 creatures vanquished.

Notes
Turn   | Place    | Note
-------+----------+-------------------------------------------
     0 | D:1      | dickylongcocking the Deep Elf Hedge Wizard began the quest
                  | for the Orb.
     0 | D:1      | Reached XP level 1. HP: 10/10 MP: 7/7
   149 | D:1      | Quit the game

Illustrated notes

Levels and vault maps discovered:
D:1:      dpeg_cavernosity, layout_rooms

Action                   || total
-------------------------++-------
 Cast: Magic Dart        ||     8
Armor: Robe              ||     1
Dodge: Dodged            ||     7

Table legend: (Time is in decaauts)
 A = Elapsed time spent in this place.
 B = Non-inter-level travel time spent in this place.
 C = Inter-level travel time spent in this place.
 D = Time resting spent in this place.
 E = Time spent auto-exploring this place.
 F = Levels seen in this place.
 G = Mean time per level.
                   A        B        C        D        E       F      G
               +--------+--------+--------+--------+--------+-----+--------+
         Total |    149 |    149 |      0 |      0 |    123 |   1 |  149.0 |
       Dungeon |    149 |    149 |      0 |      0 |    123 |   1 |  149.0 |
               +--------+--------+--------+--------+--------+-----+--------+

Top non-repeatable levels by time:
     D:1: 149 daAuts
